 Dungeon Crawl Stone Soup version 0.31-a0-152-g6aa68a64a1 (webtiles) character file.

Game seed: 17449527139430187040

737 qw the Shooter (level 7, 0/66 HPs)
             Began as a Naga Hunter on June 10, 2023.
             Slain by a killer bee (7 damage)
             ... on level 4 of the Dungeon.
             The game lasted 00:01:24 (3366 turns).

qw the Shooter (Naga Hunter)                        Turns: 3366, Time: 00:01:24

Health: 0/66       AC:  4    Str: 13    XL:     7   Next: 74%
Magic:  7/7        EV: 10    Int:  9    God:
Gold:   144        SH:  0    Dex: 17    Spells: 6/6 levels left

rFire   . . .        Y - +1 shortbow
rCold   . . .        (shield currently unavailable)
rNeg    . . .        c - +0 leather armour
rPois   +            (no helmet)
rElec   .            (no cloak)
rCorr   .            b - +0 pair of gloves
SInv    +            (no barding)
Will    .....        (no amulet)
Stlth   ++           (no ring)
HPRegen 0.31/turn    (no ring)
MPRegen 0.10/turn

%: no passive effects
@: lethally poisoned (0 -> -1), about to teleport, short of breath, very slow
A: AC +2, large, see invisible, deformed body, poison resistance, slowness 2,
spit poison 1, naga tail 1, sense surroundings 1
a: Spit Poison


You were on level 4 of the Dungeon.
You visited 1 branch of the dungeon, and saw 4 of its levels.

You collected 144 gold pieces.


Innate Abilities, Weirdness & Mutations

Your serpentine skin is tough. (AC +2)
You have supernaturally acute eyesight. (SInv)
Armour fits poorly on your strangely shaped body.
Your system is resistant to poisons. (rPois)
You cover ground very slowly.
You can spit poison.
You have a snake-like lower body.
You passively map a small area around you.


   Skills:
 - Level 4.4 Fighting
 + Level 7.3 Ranged Weapons
 - Level 2.2 Dodging
 - Level 1.5 Stealth


You had 6 spell levels left.
You didn't know any spells.
Your spell library was empty.

Inventory:

Hand Weapons
 Y - a +1 shortbow (weapon)
Armour
 b - a +0 pair of gloves (worn)
 c - a +0 leather armour (worn)
Scrolls
 e - a scroll of identify
Potions
 d - 3 potions of mutation
 f - a potion of curing {unknown}
 g - a potion of brilliance {unknown}
 h - a potion of enlightenment {unknown}

Dungeon Overview and Level Annotations

Branches:
Dungeon (4/15)
 Temple: D:4-7

Altars:
Elyvilon

Annotations:
D:4 3 runed translucent doors, qw's ghost, novice GrFi


Message History

The splash of poison hits the killer bee.
The killer bee is poisoned.
The killer bee is lightly wounded.
The killer bee stings you but does no damage.
The killer bee closely misses you.
The killer bee stings you but does no damage.
The killer bee barely misses you.
You shoot an arrow. The arrow misses the killer bee.
The killer bee barely misses you. The killer bee closely misses you.
The killer bee stings you.
You are poisoned.
The killer bee poisons you! The killer bee completely misses you.
You shoot an arrow. The arrow hits the killer bee!
The killer bee is severely wounded.
You have got your breath back.
You feel sick. The killer bee misses you. The killer bee barely misses you.
The killer bee closely misses you.
The killer bee stings you but does no damage.
3364 ||| INVOKING Spit Poison.
Aiming: Spit Poison (1% risk of failure)
Press: ? - help, Shift-Dir - straight line, f/p - killer bee The splash of poison hits the killer bee but does no damage.
The killer bee looks even sicker.
The killer bee is severely wounded.
You feel sick. The killer bee barely misses you. The killer bee stings you!
The killer bee stings you. The killer bee barely misses you.
The killer bee closely misses you. The killer bee barely misses you.
3365 ||| READING scroll of teleportation.
As you read the scroll of teleportation, it crumbles to dust.
You feel strangely unstable.
You feel sick. The killer bee misses you. The killer bee barely misses you. x2
The killer bee misses you. The killer bee completely misses you.
The killer bee closely misses you.
You shoot an arrow.
The arrow closely misses the killer bee.
You feel sick.
You kill the killer bee!
The killer bee stings you! The killer bee barely misses you.
The killer bee closely misses you. The killer bee stings you!
You die...

, , .. #.....#.....#
#..... #* ###
#####%..##### #..... ,
##|## #.(### *, #.# #.
#.. #.#### # #.. *
#....####### .#.$ *
#..#.......#..#.[ ,
########........#....#..
* *#.....y@~~~~~~~.# ,
.#.. * #.~~~~~y......~.#
.. , *
*#.~.....#####.~.# .###
#.~.####g .~.# ... ,*#.~
* ,,~ .~.# ... #.~, ~ ._
*.~.# *## , # ~ ,..
*.~.# , .#.~ #.~# , _ ~
#.~##


You could see 2 killer bees and a goblin.

Vanquished Creatures
  2 phantoms (D:4)
  A scorpion (D:4)
  3 wights (D:4)
  3 killer bees (D:4)
  An orc priest (D:3)
  2 orc wizards
  3 gnolls (D:4)
  7 adders
  3 worms
  4 dart slugs
  11 orcs
  8 ball pythons
  9 endoplasms
  A giant cockroach (D:1)
  6 goblins
  3 hobgoblins
  14 jackals
  7 kobolds
  2 quokkas
  6 bats
  5 frilled lizards
  6 rats
107 creatures vanquished.

Notes
Turn   | Place    | Note
-------+----------+-------------------------------------------
     0 | D:1      | qw the Naga Hunter began the quest for the Orb.
     0 | D:1      | Reached XP level 1. HP: 19/19 MP: 1/1
     0 | D:1      | 0 ||| qw: Version: 0.2-a-29-g8b02136
     0 | D:1      | 0 ||| qw: Game counter: 3815
     0 | D:1      | 0 ||| qw: Always use a shield: true
     0 | D:1      | 0 ||| qw: God list: Okawaru
     0 | D:1      | 0 ||| qw: Allow faded altars: false
     0 | D:1      | 0 ||| qw: Do Orc after D:15 true
     0 | D:1      | 0 ||| qw: Do second Lair branch before Depths: true
     0 | D:1      | 0 ||| qw: Lair rune preference: random
     0 | D:1      | 0 ||| qw: Plans: Normal
     0 | D:1      | 0 ||| PLANNING D:1-11
    37 | D:1      | 37 ||| INVOKING Spit Poison.
   119 | D:1      | 119 ||| INVOKING Spit Poison.
   248 | D:1      | 248 ||| INVOKING Spit Poison.
   254 | D:1      | 254 ||| INVOKING Spit Poison.
   255 | D:1      | Reached skill level 4 in Ranged Weapons
   255 | D:1      | Reached XP level 2. HP: 17/26 MP: 2/2
   258 | D:1      | 258 ||| INVOKING Spit Poison.
   348 | D:1      | 348 ||| INVOKING Spit Poison.
   352 | D:1      | 352 ||| INVOKING Spit Poison.
   356 | D:1      | 356 ||| INVOKING Spit Poison.
   361 | D:1      | 361 ||| INVOKING Spit Poison.
   367 | D:1      | 367 ||| INVOKING Spit Poison.
   370 | D:1      | 370 ||| INVOKING Spit Poison.
   376 | D:1      | 376 ||| INVOKING Spit Poison.
   419 | D:1      | 419 ||| INVOKING Spit Poison.
   428 | D:1      | Reached XP level 3. HP: 31/32 MP: 3/3
   428 | D:1      | 428 ||| INVOKING Spit Poison.
   433 | D:1      | 433 ||| INVOKING Spit Poison.
   445 | D:1      | 445 ||| INVOKING Spit Poison.
   451 | D:1      | 451 ||| INVOKING Spit Poison.
   454 | D:1      | 454 ||| INVOKING Spit Poison.
   491 | D:1      | 491 ||| INVOKING Spit Poison.
   542 | D:1      | 542 ||| INVOKING Spit Poison.
   807 | D:1      | 807 ||| READING scroll labelled HESUOCANOL.
   808 | D:1      | 808 ||| READING scroll labelled OKKEYPT WIVEY.
   809 | D:1      | 809 ||| READING scroll labelled ZOUT PUENLOCK.
   810 | D:1      | 810 ||| READING scroll labelled VAGEQI PIFAICO.
   811 | D:1      | 811 ||| DROPPING scroll of butterflies.
   840 | D:2      | 840 ||| INVOKING Spit Poison.
   890 | D:2      | 890 ||| INVOKING Spit Poison.
   905 | D:2      | 905 ||| INVOKING Spit Poison.
   915 | D:2      | 915 ||| INVOKING Spit Poison.
   920 | D:2      | 920 ||| INVOKING Spit Poison.
   923 | D:2      | 923 ||| INVOKING Spit Poison.
   924 | D:2      | Reached skill level 5 in Ranged Weapons
   924 | D:2      | Reached XP level 4. HP: 28/39 MP: 4/4
   971 | D:2      | 971 ||| INVOKING Spit Poison.
   992 | D:2      | 992 ||| INVOKING Spit Poison.
  1045 | D:2      | 1045 ||| INVOKING Spit Poison.
  1077 | D:2      | 1077 ||| INVOKING Spit Poison.
  1084 | D:2      | 1084 ||| INVOKING Spit Poison.
  1123 | D:2      | 1123 ||| INVOKING Spit Poison.
  1158 | D:2      | 1158 ||| INVOKING Spit Poison.
  1161 | D:2      | 1161 ||| INVOKING Spit Poison.
  1237 | D:2      | 1237 ||| INVOKING Spit Poison.
  1240 | D:2      | 1240 ||| INVOKING Spit Poison.
  1246 | D:2      | 1246 ||| INVOKING Spit Poison.
  1249 | D:2      | 1249 ||| INVOKING Spit Poison.
  1302 | D:2      | 1302 ||| INVOKING Spit Poison.
  1306 | D:2      | 1306 ||| INVOKING Spit Poison.
  1312 | D:2      | 1312 ||| INVOKING Spit Poison.
  1366 | D:2      | 1366 ||| INVOKING Spit Poison.
  1664 | D:2      | 1664 ||| INVOKING Spit Poison.
  1706 | D:2      | 1706 ||| READING 3 scrolls labelled WUWKIPL NUGEAG.
  1711 | D:2      | 1711 ||| READING scroll labelled VIZ GUPLEWUDIC.
  1765 | D:3      | 1765 ||| INVOKING Spit Poison.
  1766 | D:3      | 1766 ||| STAIRDANCE
  1768 | D:2      | 1768 ||| INVOKING Spit Poison.
  1771 | D:2      | 1771 ||| INVOKING Spit Poison.
  1774 | D:2      | Reached skill level 3 in Fighting
  1774 | D:2      | Reached XP level 5. HP: 17/49 MP: 5/5
  1890 | D:3      | 1890 ||| STAIRDANCE
  1892 | D:2      | 1892 ||| INVOKING Spit Poison.
  1897 | D:2      | 1897 ||| INVOKING Spit Poison.
  2013 | D:3      | 2013 ||| STAIRDANCE
  2061 | D:3      | 2061 ||| INVOKING Spit Poison.
  2075 | D:3      | 2075 ||| INVOKING Spit Poison.
  2124 | D:3      | 2124 ||| INVOKING Spit Poison.
  2223 | D:3      | 2223 ||| INVOKING Spit Poison.
  2230 | D:3      | 2230 ||| INVOKING Spit Poison.
  2234 | D:3      | 2234 ||| INVOKING Spit Poison.
  2238 | D:3      | 2238 ||| Stepping ~*~*~tactically~*~*~ (outnumbered).
  2240 | D:3      | 2240 ||| INVOKING Spit Poison.
  2244 | D:3      | 2244 ||| INVOKING Spit Poison.
  2245 | D:3      | 2245 ||| INVOKING Spit Poison.
  2248 | D:3      | 2248 ||| INVOKING Spit Poison.
  2250 | D:3      | HP: 12/49 [frilled lizard (1)]
  2251 | D:3      | 2251 ||| READING 3 scrolls of teleportation.
  2252 | D:3      | 2252 ||| INVOKING Spit Poison.
  2256 | D:3      | 2256 ||| FLEEEEING.
  2257 | D:3      | 2257 ||| FLEEEEING.
  2258 | D:3      | 2258 ||| STAIRDANCE
  2260 | D:2      | 2260 ||| READING 2 scrolls of teleportation.
  2261 | D:2      | 2261 ||| INVOKING Spit Poison.
  2393 | D:2      | 2393 ||| UPGRADING to +0 pair of gloves.
  2409 | D:3      | 2409 ||| INVOKING Spit Poison.
  2423 | D:3      | 2423 ||| INVOKING Spit Poison.
  2440 | D:3      | 2440 ||| INVOKING Spit Poison.
  2446 | D:3      | 2446 ||| INVOKING Spit Poison.
  2455 | D:3      | 2455 ||| INVOKING Spit Poison.
  2460 | D:3      | Reached XP level 6. HP: 51/56 MP: 6/6
  2492 | D:3      | 2492 ||| INVOKING Spit Poison.
  2497 | D:3      | 2497 ||| INVOKING Spit Poison.
  2523 | D:3      | 2523 ||| INVOKING Spit Poison.
  2524 | D:3      | Reached skill level 6 in Ranged Weapons
  2629 | D:3      | 2629 ||| READING scroll labelled XIUTWEGGI RYNK.
  2630 | D:3      | 2630 ||| DRINKING 2 fuming white potions.
  2630 | D:3      | Gained mutation: You passively map a small area around you.
                  | [potion of mutation]
  2821 | D:4      | 2821 ||| INVOKING Spit Poison.
  2861 | D:4      | 2861 ||| INVOKING Spit Poison.
  2882 | D:4      | 2882 ||| INVOKING Spit Poison.
  2889 | D:4      | 2889 ||| INVOKING Spit Poison.
  2890 | D:4      | Reached XP level 7. HP: 56/66 MP: 7/7
  2943 | D:4      | 2943 ||| INVOKING Spit Poison.
  2947 | D:4      | 2947 ||| INVOKING Spit Poison.
  2950 | D:4      | 2950 ||| INVOKING Spit Poison.
  2963 | D:4      | Found a runed translucent gate.
  2963 | D:4      | Noticed qw's ghost (novice GrFi)
  2965 | D:4      | Found a runed translucent gate.
  2966 | D:4      | Found a runed translucent gate.
  2980 | D:4      | 2980 ||| INVOKING Spit Poison.
  2983 | D:4      | 2983 ||| INVOKING Spit Poison.
  3008 | D:4      | 3008 ||| INVOKING Spit Poison.
  3023 | D:4      | 3023 ||| INVOKING Spit Poison.
  3028 | D:4      | 3028 ||| INVOKING Spit Poison.
  3034 | D:4      | 3034 ||| INVOKING Spit Poison.
  3034 | D:4      | HP: 16/66 [killer bee (8)]
  3035 | D:4      | 3035 ||| READING 2 scrolls of teleportation.
  3039 | D:4      | HP: 9/66 [poisoned by a killer bee]
  3044 | D:4      | HP: 5/66 [poisoned by a killer bee]
  3182 | D:4      | Reached skill level 7 in Ranged Weapons
  3284 | D:4      | 3284 ||| INVOKING Spit Poison.
  3289 | D:4      | 3289 ||| INVOKING Spit Poison.
  3354 | D:4      | Found a white marble altar of Elyvilon.
  3355 | D:4      | 3355 ||| INVOKING Spit Poison.
  3361 | D:4      | 3361 ||| INVOKING Spit Poison.
  3364 | D:4      | 3364 ||| INVOKING Spit Poison.
  3364 | D:4      | HP: 15/66 [killer bee (5)]
  3365 | D:4      | 3365 ||| READING scroll of teleportation.
  3366 | D:4      | HP: 7/66 [killer bee (7)]
  3366 | D:4      | Slain by a killer bee

Levels and vault maps discovered:
D:1:      heliophobic_arrival_battle_scene, layout_loops_ring
D:2:      layout_loops_corners, serial_forest, infiniplex_forest_clump_small,
          infiniplex_forest_straight_4, infiniplex_forest_lined_2,
          infiniplex_forest_clump_double, infiniplex_forest_clump_small,
          infiniplex_forest_lined_room_3, infiniplex_forest_straight_2,
          infiniplex_forest_lined_2, infiniplex_forest_clump_small,
          infiniplex_forest_clump_tiny, dreamdust_princess_corridor
D:3:      layout_rooms, kennysheep_decorative_pillar, minivault_27
D:4:      layout_loops_ring, nicolae_overflow_squiral, gammafunk_ghost_split

Skill      XL: |  1  2  3  4  5  6  7 |
---------------+----------------------+-----
Ranged Weapons | 4 5 6 7 |  7.3
Fighting       | 3 4 |  4.4
Dodging        | 2 |  2.2
Stealth        | |  1.5

Action                     |  1- 3 |  4- 6 |  7- 9 || total
---------------------------+-------+-------+-------++-------
   Fire: Shortbow          |    73 |   144 |    66 ||   283
Ability: Spit Poison       |    26 |    45 |    14 ||    85
    Use: Scroll            |     4 |     5 |     2 ||    11
         Potion            |       |     1 |       ||     1
 Armour: Leather armour    |    17 |    28 |    13 ||    58
  Dodge: Dodged            |    26 |    43 |    62 ||   131

Table legend:
 A = Non-vault XP
 B = Vault XP
 C = Vault XP percentage of total XP
 D = Non-vault monster count
 E = Vault monster count
 F = Vault count percentage of total count
                 A         B        C        D         E       F
            +---------+---------+-------+---------+---------+-------
      Total |    1116 |       0 |   0.0 |     107 |       0 |   0.0
            +---------+---------+-------+---------+---------+-------
        D:1 |      58 |       0 |   0.0 |      30 |       0 |   0.0
        D:2 |     134 |       0 |   0.0 |      32 |       0 |   0.0
        D:3 |     155 |       0 |   0.0 |      26 |       0 |   0.0
        D:4 |     769 |       0 |   0.0 |      19 |       0 |   0.0
            +---------+---------+-------+---------+---------+-------
